 Dungeon Crawl Stone Soup version 0.19-a0-1292-g796ee4d (webtiles) character file.

49 jacquesderrida the Skirmisher (level 3, 2/20 HPs)
             Began as a Vine Stalker Wanderer on Aug 30, 2016.
             Quit the game on level 3 of the Dungeon.
             The game lasted 00:02:14 (536 turns).

jacquesderrida the Skirmisher (VSWn)                 Turns: 536, Time: 00:02:14

Health: 2/20       AC:  3    Str: 17    XL:     3   Next: 77%
Magic:  3/5        EV: 11    Int:  9    God:
Gold:   25         SH:  0    Dex: 14    Spells: 0 memorised, 2 levels left

rFire  . . .     SeeInvis .     b - +0 hand crossbow
rCold  . . .     Gourm    .     e - +0 robe
rNeg   . . .     Faith    .     (no shield)
rPois  .         Spirit   +     (no helmet)
rElec  .         Dismiss  .     (no cloak)
rCorr  .         Reflect  .     h - +0 pair of gloves
MR     .....     Harm     .     (no boots)
Stlth  +.........               (no amulet)
                                (no ring)
                                (no ring)

@: no status effects
A: fangs 2, magic shield, antimagic bite, no device heal 3, rot immunity
a: no special abilities


You were on level 3 of the Dungeon.
You were not hungry.

You visited 1 branch of the dungeon, and saw 4 of its levels.

You collected 25 gold pieces.

Inventory:

Hand Weapons
 b - a +0 hand crossbow (weapon)
 g - a +0 whip
 m - a +0 mace
Missiles
 c - 20 bolts (quivered)
Armour
 e - a +0 robe (worn)
 h - a +0 pair of gloves (worn)
Wands
 a - a wand of flame (15/48)
Scrolls
 n - 2 scrolls of identify {unknown}
Potions
 d - a potion of lignification
 i - a potion of berserk rage {unknown}
 j - a potion of flight {unknown}
 k - a potion of might {unknown}
Comestibles
 f - 2 bread rations
 l - a royal jelly


   Skills:
 + Level 3.2 Fighting
 - Level 1.7 Maces & Flails
 - Level 2.6 Crossbows
 - Level 1.5 Armour
 - Level 1.7 Evocations


You had 2 spell levels left.
You didn't know any spells.

Dungeon Overview and Level Annotations

Branches:
Dungeon (4/15)
 Temple: D:4-7

Altars:
Dithmenos
Uskayaw

Annotations:
D:4 Natasha


Innate Abilities, Weirdness & Mutations

You have extremely sharp teeth.
When hurt, damage is shared between your health and your magic reserves.
Your bite disrupts and absorbs the magic of your enemies.
Potions and wands cannot restore your health.
You are immune to rotting.


Message History

Things that are here:
a jackal corpse x2
The bat hits you but does no damage. x2
The bat hits you.
* * * LOW HITPOINT WARNING * * *
The bat hits you but does no damage. The bat barely misses you.
The bat barely misses you. x2
The bat barely misses you. The bat closely misses you.
Firing (i - inventory):
c - 21 bolts (quivered)
Press: ? - help, Shift-Dir - straight line, f - bat
Aim: a bat You shoot a bolt.
The bolt closely misses the bat.
The bat completely misses you.
Firing (i - inventory):
c - 20 bolts (quivered)
Press: ? - help, Shift-Dir - straight line, f/p - bat
Aim: a bat
Okay, then.
Unknown command.
Are you sure you want to abandon this character and quit the game? (Confirm with "yes".)

. ....##.#.#.#......<.# # ..
#...# ..##(#.####.# # #o.
#...## #.# #.#.# #.# # #
[b.##....###.###.#.####.##.#
#
s......#..(......b.........#
# $>.......##
####.#.####.######### #.#.#
#.#.# #..........
#.#.########.#.# ###########
#.....†.s.o.@..#
################


You could see an orc, a giant cockroach and a bat.

Vanquished Creatures
  3 adders
  A worm (D:2)
  A bat (D:2)
  A giant cockroach (D:3)
  2 hobgoblins (D:2)
  5 jackals (D:3)
  A kobold (D:2)
  A quokka (D:2)
  3 rats
18 creatures vanquished.

Notes
Turn   | Place    | Note
-------+----------+-------------------------------------------
     0 | D:1      | jacquesderrida the Vine Stalker Wanderer began the quest for the Orb.
     0 | D:1      | jacquesderrida set off with: a wand of flame (15/48), a +0 hand crossbow, 27 bolts, a potion of lignification, a +0 robe, a bread ration
     0 | D:1      | Reached XP level 1. HP: 10/10 MP: 3/3
    66 | D:2      | Reached skill level 2 in Fighting
    66 | D:2      | Reached XP level 2. HP: 15/15 MP: 4/4
   113 | D:2      | Reached XP level 3. HP: 8/19 MP: 3/5
   309 | D:2      | Found a hide-covered altar of Uskayaw.
   430 | D:4      | Found a shadowy altar of Dithmenos.
   430 | D:4      | Noticed Natasha
   509 | D:3      | Reached skill level 3 in Fighting
   530 | D:3      | HP: 1/20 [bat (1)]
   536 | D:3      | Quit the game

Vault maps used:
D:1:      dpeg_arrival_rhombus, serial_forest, infiniplex_forest_clump_tiny,
          infiniplex_forest_lined_3_way, infiniplex_forest_clump_curved,
          infiniplex_forest_end_1, infiniplex_forest_clump_tiny,
          infiniplex_forest_lined_room_, infiniplex_forest_zigzag_2
D:2:      eat_drink_and_be_merry_uskayaw, first_bread
D:3:      grunt_temple_overflow_open
D:4:      grunt_temple_overflow_magic_moments,
          nicolae_dithmenos_through_a_glass_darkly, kennysheep_mini_moat,
          grunt_gozag_breadcrumbs, cheibriados_altar_wand_db, serial_shops,
          nicolae_shop_stone, shop, kennysheep_little_box, shop, uniq_natasha

Skill      XL: |  1  2  3 |
---------------+----------+-----
Fighting       | 2 3 |  3.2
Maces & Flails | |  1.7
Crossbows      | |  2.6
Armour         | |  1.5
Evocations     | |  1.7

Action                   || total
-------------------------++-------
 Fire: Hand crossbow     ||    44
Armor: Robe              ||    18
Dodge: Dodged            ||    41
